AoeStats
← ScipioAfricanus

Nomad

509156612Analyzed
4v4 RM · 8d ago on Sep 25, 2026· 47m 6s· 8 players
Game mode
Random Map
Map size
231×231
Population
200
Speed
Normal
Resources
Standard
Victory
Conquest
Starting age
Dark Age
Ending age
Imperial Age
RankedLock teamsTeams togetherTeam positionsShared explorationLock speedFull tech treeHidden civsTurbo modeCheats
Victory
Defeat
🇵🇹 Vikings · Portugal
1339
+12
🇲🇿 Koreans · Mozambique
1152
+19
🇲🇿 Spanish · Mozambique
1149
+20
🇺🇸 Saxons · United States
1100
+22
🇬🇧 Vietnamese · United Kingdom
1267
-20
🇿🇦 Magyars · South Africa
1229
-18
🇿🇦 Hindustanis · South Africa
1229
-18
🇿🇦 Britons · South Africa
1200
-17
Rob88Silva
5:02 Loom
12:55 Feudal Age
13:47 Double-Bit Axe
15:47 Fishing Lines
20:09 Castle Age
18:23 Gold Mining
19:03 Horse Collar
21:40 Bow Saw
25:53 Gold Shaft Mining
36:09 Imperial Age
38:03 Wheelbarrow
41:22 Two-Man Saw
40:54 Scale Mail Armor
42:12 Pikeman
43:08 Stone Mining
43:49 Squires
43:55 Halberdier
45:25 Hand Cart
46:02 Chain Mail Armor
45:58 Heavy Plow
47:20 Plate Mail Armor
47:29 Forging
47:27 Gambesons
Ociru3
5:12 Loom
13:53 Feudal Age
14:29 Fishing Lines
16:08 Double-Bit Axe
17:40 Horse Collar
26:10 Castle Age
26:50 Man-at-Arms
27:31 Squires
29:57 Wheelbarrow
29:49 Bow Saw
29:39 Heavy Plow
29:36 Gold Mining
31:13 Fletching
36:10 Elite Skirmisher
36:48 Bodkin Arrow
41:29 Imperial Age
38:47 Town Watch
41:48 Hand Cart
42:36 Bracer
42:43 Thumb Ring
43:42 Chemistry
43:05 Ballistics
43:07 Squires
42:28 Elite Fire Lancer
42:29 Pikeman
42:56 Arson
45:34 Halberdier
RomanoMZ
5:23 Loom
16:02 Feudal Age
21:31 Castle Age
20:03 Stone Mining
20:02 Double-Bit Axe
22:15 Bloodlines
23:40 Gold Mining
24:29 Husbandry
25:15 Fletching
30:17 Wheelbarrow
30:52 Ballistics
37:23 Imperial Age
35:46 Horse Collar
37:28 Bow Saw
37:41 Scale Barding Armor
38:29 Forging
43:39 Iron Casting
43:25 Chain Barding Armor
42:27 Cavalier
45:41 Chemistry
45:04 Conscription
Ora Viva
4:22 Loom
12:46 Feudal Age
17:52 Castle Age
16:07 Double-Bit Axe
16:27 Fishing Lines
17:04 Gold Mining
17:40 Fletching
20:20 Bow Saw
20:20 Bodkin Arrow
24:43 Ballistics
27:07 Stone Mining
27:50 Careening
30:43 Gold Shaft Mining
32:59 Imperial Age
31:11 Clinker Construction
32:28 Horse Collar
33:54 Forging
33:44 Scale Mail Armor
33:27 Capped Ram
35:21 Two-Man Saw
34:28 Heavy Plow
35:14 Conscription
34:39 Siege Ram
36:10 Squires
35:56 Arson
38:13 Chain Mail Armor
38:13 Elite Berserk
40:41 Plate Mail Armor
40:46 Iron Casting
41:26 Chieftains
43:12 Hoardings
43:48 Blast Furnace
44:44 Bracer
44:45 Padded Archer Armor
45:46 Chemistry
44:52 Siege Engineers
44:42 Murder Holes
44:28 Treadmill Crane
44:58 Masonry
47:09 Coinage
47:11 Gillnets
ScipioAfricanus
15:07 Feudal Age
22:24 Castle Age
25:30 Wheelbarrow
28:06 Fletching
38:17 Horse Collar
38:37 Double-Bit Axe
46:57 Bloodlines
47:25 Scale Mail Armor
47:31 Scale Barding Armor
Attila
4:40 Loom
12:31 Feudal Age
13:20 Town Watch
13:49 Double-Bit Axe
15:29 Gold Mining
17:17 Wheelbarrow
20:20 Castle Age
20:37 Fletching
21:25 Bodkin Arrow
21:42 Medium Warships
23:21 Ballistics
23:54 Bow Saw
25:46 Horse Collar
28:37 Elite Skirmisher
29:18 Padded Archer Armor
34:22 Bloodlines
34:41 Scale Barding Armor
36:05 Chain Barding Armor
36:40 Hand Cart
39:01 Heavy Plow
42:54 Imperial Age
40:59 Corvinian Army
42:13 Leather Archer Armor
42:43 Gold Shaft Mining
41:59 Stone Mining
42:57 Masonry
44:21 Plate Barding Armor
44:27 Husbandry
45:15 Conscription
46:20 Chemistry
45:26 Bracer
45:07 Elite Magyar Huszar
47:13 Hoardings
Koekie
7:06 Loom
14:56 Feudal Age
16:43 Double-Bit Axe
19:44 Castle Age
20:03 Town Watch
21:41 Bow Saw
21:34 Padded Archer Armor
22:51 Leather Archer Armor
22:27 Fletching
27:29 Wheelbarrow
27:38 Stone Mining
28:12 Horse Collar
30:12 Heavy Plow
31:53 Gold Mining
37:30 Imperial Age
34:28 Crossbowman
36:01 Ballistics
36:59 Fortified Wall
37:49 Gold Shaft Mining
37:15 Bodkin Arrow
36:46 Pikeman
37:26 Squires
37:07 Elite Skirmisher
39:49 Chemistry
39:05 Arbalester
41:09 Bracer
41:39 Ring Archer Armor
42:10 Hand Cart
41:36 Imperial Skirmisher
47:29 Conscription
SillySamurai
5:16 Loom
13:13 Feudal Age
17:20 Castle Age
17:32 Double-Bit Axe
18:48 Bow Saw
18:31 Horse Collar
21:02 Wheelbarrow
23:50 Scale Mail Armor
24:01 Forging
27:56 Hand Cart
27:26 Town Watch
30:51 Scale Barding Armor
31:23 Iron Casting
35:47 Imperial Age
33:38 Gold Mining
33:45 Fletching
33:56 Padded Archer Armor
36:03 Gold Shaft Mining
35:19 Stone Mining
37:00 Ballistics
37:02 Leather Archer Armor
36:43 Bodkin Arrow
36:57 Grand Trunk Road
38:11 Chemistry
37:34 Ballistics
37:37 Shatagni
38:05 Conscription
38:27 Bracer
38:58 Ring Archer Armor
38:56 Bloodlines
38:47 Husbandry
44:13 Scale Barding Armor
44:44 Iron Casting
44:53 Masonry
46:49 Heavy Camel Rider
Connection lost

Rejoining the realm…

Still unreachable

The connection could not be restored.

Session expired

The server has moved on; the page needs a fresh start.